 Dungeon Crawl Stone Soup version 0.29.0-4-gdea44cf6ec (webtiles) character file.

Game seed: 10614083753576508116

38 qw the Sneak (level 3, -5/23 HPs)
             Began as a Gargoyle Delver on Sept 10, 2022.
             Killed by divine providence
             ... invoked by an orc priest
              (15 damage)
             ... on level 3 of the Dungeon.
             The game lasted 00:00:05 (592 turns).

qw the Sneak (Gargoyle Delver)                       Turns: 592, Time: 00:00:06

Health: -5/23      AC:  6    Str: 17    XL:     3   Next: 43%
Magic:  3/3        EV: 11    Int: 10    God:
Gold:   32         SH:  0    Dex: 11    Spells: 2/2 levels left

rFire   . . .      SeeInvis .   a - +0 hand axe
rCold   . . .      Faith    .   (no shield)
rNeg    + . .      Spirit   .   b - +0 leather armour
rPois   inf        Reflect  .   (no helmet)
rElec   +          Harm     .   (no cloak)
rCorr   .          Rampage  .   (no gloves)
Will    .....                   (no boots)
Stlth   +++.......              (no amulet)
HPRegen 0.07/turn               (no ring)
MPRegen 0.08/turn               (no ring)

@: no status effects
A: sickness immunity, AC +3, negative energy resistance 1, electricity
resistance, torment resistance 1, petrification resistance
a: no special abilities


You were on level 3 of the Dungeon.
You visited 1 branch of the dungeon, and saw 3 of its levels.

You collected 32 gold pieces.


Innate Abilities, Weirdness & Mutations

You are immune to sickness and miasma.
Your stone body is resilient. (AC +3)
You are immune to poison.
You resist negative energy. (rN+)
You are resistant to electric shocks. (rElec)
You are resistant to unholy torment.
You are immune to petrification.


   Skills:
 - Level 3.2 Fighting
 + Level 3.4 Axes
 - Level 1.5 Dodging
 - Level 5.4 Stealth


You had 2 spell levels left.
You didn't know any spells.
Your spell library was empty.

Inventory:

Hand Weapons
 a - a +0 hand axe (weapon)
Armour
 b - a +0 leather armour (worn)
Wands
 g - a wand of digging (3)
Potions
 c - a potion of curing {unknown}
 f - a potion of haste

Dungeon Overview and Level Annotations

Branches:
Dungeon (5/15)
 Temple: D:4-7

Altars:


Message History

Pain shoots through your body! The jackal bites you.
You hit the orc.
The orc is heavily wounded.
You barely miss the orc priest. You hit the jackal. You closely miss the rat.
The jackal barely misses you. The jackal closely misses you.
The rat bites you but does no damage.
The orc priest hits you but does no damage.
The orc hits you but does no damage.
You hit the jackal but do no damage.
The jackal is almost dead.
You hit the jackal but do no damage. You barely miss the rat.
You closely miss the orc priest. You hit the orc but do no damage.
The jackal completely misses you.
The jackal bites you but does no damage.
The rat misses you. The orc priest completely misses you.
The orc hits you but does no damage. The jackal barely misses you.
You closely miss the jackal.
The jackal is almost dead.
You hit the jackal but do no damage. You closely miss the rat.
You closely miss the orc priest. You hit the orc but do no damage.
The jackal closely misses you. The rat bites you but does no damage.
The orc closely misses you. The orc priest hits you with a +0 club.
The jackal bites you but does no damage.
You hit the orc.
You kill the orc!
You barely miss the jackal. You hit the jackal. You hit the rat.
You kill the rat!
You hit the orc priest.
The jackal bites you but does no damage.
The orc priest closely misses you. The jackal closely misses you.
The jackal bites you but does no damage.
You closely miss the jackal.
The jackal is almost dead.
You closely miss the orc priest. You hit the jackal.
You hit the jackal but do no damage. The jackal closely misses you.
The orc priest invokes the aid of Beogh against you.
Beogh smites you!
Ouch! That really hurt!
You die...

## .. ### .#
#.. #.###.#
.#####..#.#####
......ohh......
......)@h#
#####...##
#...# #...#
#...# ....#
##.#.# #.#.#


You could see an orc priest and 3 jackals.

Vanquished Creatures
  An orc priest (D:3)
  A worm (D:5)
  2 orcs (D:3)
  A kobold (D:4)
  A rat (D:3)
6 creatures vanquished.

Vanquished Creatures (others)
  24 plants (D:5)
24 creatures vanquished.

Grand Total: 30 creatures vanquished

Notes
Turn   | Place    | Note
-------+----------+-------------------------------------------
     0 | D:5      | qw the Gargoyle Delver began the quest for the Orb.
     0 | D:5      | Reached XP level 1. HP: 14/14 MP: 1/1
     0 | D:5      | 0 ||| qw: Version: 0.1-a-116-g5d60599
     0 | D:5      | 0 ||| qw: Game counter: 8292
     0 | D:5      | 0 ||| qw: Always use a shield: true
     0 | D:5      | 0 ||| qw: God list: Okawaru
     0 | D:5      | 0 ||| qw: Allow faded altars: false
     0 | D:5      | 0 ||| qw: Do Orc after D:15 true
     0 | D:5      | 0 ||| qw: Do second Lair branch before Depths: true
     0 | D:5      | 0 ||| qw: Lair rune preference: random
     0 | D:5      | 0 ||| qw: Plans: Normal
     0 | D:5      | 0 ||| PLANNING D:1-11
    51 | D:5      | HP: 2/14 [worm (3)]
   463 | D:5      | 463 ||| DROPPING scroll of fog.
   464 | D:5      | 464 ||| DROPPING scroll of magic mapping.
   465 | D:5      | 465 ||| DROPPING scroll of fear.
   581 | D:3      | Noticed an orc priest
   581 | D:3      | Noticed an orc priest
   582 | D:3      | 582 ||| PLANNING SEWER
   585 | D:3      | Reached XP level 2. HP: 19/19 MP: 2/2
   587 | D:3      | Reached skill level 3 in Axes
   587 | D:3      | Reached XP level 3. HP: 21/23 MP: 3/3
   592 | D:3      | Killed from afar by an orc priest

Levels and vault maps discovered:
D:3:      layout_loops_ring, kiku_gazebo_pond_becter, portal_sewer_entry_a
D:4:      layout_basic, mainiacjoe_overflow_small_starburst
D:5:      layout_loops_ring, serial_bayou, serial_bayou_crossing,
          serial_bayou_lagoon_a, serial_bayou_pond_d, serial_bayou_shore_a,
          st_stairs_12

Skill      XL: |  1  2 |
---------------+-------+-----
Axes           | 2 3 |  3.4
Fighting       | |  3.2
Dodging        | |  1.5
Stealth        | |  5.4

Action                   || total
-------------------------++-------
Melee: Hand axe          ||    25
 Stab: Sleeping          ||     2
Armor: Leather armour    ||    12
Dodge: Dodged            ||    23

Table legend:
 A = Non-vault XP
 B = Vault XP
 C = Vault XP percentage of total XP
 D = Non-vault monster count
 E = Vault monster count
 F = Vault count percentage of total count
                 A         B        C        D         E       F
            +---------+---------+-------+---------+---------+-------
      Total |      55 |       0 |   0.0 |       6 |       0 |   0.0
            +---------+---------+-------+---------+---------+-------
        D:3 |      48 |       0 |   0.0 |       4 |       0 |   0.0
        D:4 |       2 |       0 |   0.0 |       1 |       0 |   0.0
        D:5 |       5 |       0 |   0.0 |       1 |       0 |   0.0
            +---------+---------+-------+---------+---------+-------
